 Dungeon Crawl Stone Soup version 0.19.5 (webtiles) character file.

181 equalderp2856 the Skirmisher (level 5, -1/41 HPs)
             Began as a Mummy Fighter on Mar 31, 2017.
             Killed from afar by an orc wizard (4 damage)
             ... with a puff of frost
             ... on level 3 of the Dungeon.
             The game lasted 00:04:51 (3342 turns).

equalderp2856 the Skirmisher (Mummy Fighter)        Turns: 3342, Time: 00:04:53

Health: -1/41      AC:  6    Str: 21    XL:     5   Next: 34%
Magic:  5/5        EV:  5    Int:  7    God:
Gold:   119        SH: 14    Dex: 11    Spells: 0 memorised, 4 levels left

rFire  x . .     SeeInvis .     a - +0 long sword
rCold  + . .     Gourm    .     b - +0 scale mail
rNeg   + + +     Faith    .     m - +0 large shield
rPois  ∞         Spirit   .     (no helmet)
rElec  .         Reflect  .     (no cloak)
rCorr  .         Harm     .     (no gloves)
MR     .....                    (no boots)
Stlth  ..........               (no amulet)
                                (no ring)
                                (no ring)

@: no status effects
A: no food or potions, fire vulnerability, cold resistance 1, negative energy
resistance 3, torment resistance, unbreathing
a: no special abilities


You were on level 3 of the Dungeon.
You were not hungry.

You visited 1 branch of the dungeon, and saw 3 of its levels.

You collected 119 gold pieces.

Inventory:

Hand Weapons
 a - a +0 long sword (weapon)
 n - a +1 flail of holy wrath
 o - a +1 whip of holy wrath
Missiles
 g - 35 bolts
 h - 142 stones (quivered)
 k - 20 arrows
 p - 4 tomahawks
Armour
 b - a +0 scale mail (worn)
 c - a +0 shield
 m - a +0 large shield (worn)
Scrolls
 d - a scroll of blinking {unknown}
 e - 5 scrolls of magic mapping {unknown}
 f - 6 scrolls of identify {unknown}
 i - a scroll of recharging {unknown}
 j - a scroll of enchant weapon {unknown}
 l - a scroll of noise {unknown}


   Skills:
 + Level 3.6 Fighting
 + Level 3.0 Long Blades
 + Level 2.7 Armour
 + Level 1.2 Dodging
 + Level 0.3 Stealth
 + Level 3.2 Shields


You had 4 spell levels left.
You didn't know any spells.

Dungeon Overview and Level Annotations

Branches:
Dungeon (3/15)

Altars:


Innate Abilities, Weirdness & Mutations

You do not eat or drink.
Your flesh is vulnerable to fire.
You are immune to poison.
Your flesh is cold resistant. (rC+)
You are immune to negative energy. (rN+++)
You are immune to unholy pain and torment.
You can survive without breathing.


Message History

The puff of flame hits you! The fire burns you terribly!
* * * LOW HITPOINT WARNING * * *
You closely miss the orc wizard.
The orc wizard is almost dead.
The orc wizard casts a spell.
The orc wizard flickers and vanishes!
Deactivating autopickup; reactivate with Ctrl-A.
Something hits you.
* * * LOW HITPOINT WARNING * * *
You miss something. You block something's attack.
You miss something. Something hits you but does no damage.
You barely miss something.
You hear some strange, mumbled words.
A puff of frost appears from out of thin air!
The puff of frost hits you! You resist.
* * * LOW HITPOINT WARNING * * *
You hear some strange, mumbled words.
A puff of frost appears from out of thin air!
The puff of frost hits you! You resist.
You die...

#. ##.######.# #<# ####.. ..
#o.......# #.# ### #######
#.######## ##.## ..#.#.###o##
#...# #...#....o.## ###...###
##### #.#)..#....l## #.......#
##.... #.#)..#......##
#.......###.###.
#...#.)......o####.......##.##
##
..#.#.#......ol{@...........#
#
#######.......####.......##.##
## ..# #.......##
#.......###.###. #.# ##.....##
#.......####...# #.# ##...##
#♣♣.♣♣###.....). #.# ##'##
♣≈♣♣ #.###.#. #.# #.# ♣♣.P♣
#.# #.#. #.# #.# ♣P≈P♣ ♣.#
#)#. #.## ##.####♣♣ ♣≈.≈♣♣♣♣♣#
#...


You could see 2 orcs and a frilled lizard.

Vanquished Creatures
  Robin (D:2)
  3 gnolls (D:3)
  6 adders
  An ooze (D:3)
  A worm (D:2)
  2 dart slugs (D:1)
  7 orcs (D:3)
  4 bats
  4 giant cockroaches
  10 goblins
  8 hobgoblins
  2 jackals (D:1)
  A quokka (D:3)
  A ball python (D:2)
  4 frilled lizards
  7 kobolds
  7 rats
69 creatures vanquished.

Notes
Turn   | Place    | Note
-------+----------+-------------------------------------------
     0 | D:1      | equalderp2856 the Mummy Fighter began the quest for the Orb.
     0 | D:1      | Reached XP level 1. HP: 18/18 MP: 1/1
   135 | D:1      | Reached XP level 2. HP: 24/24 MP: 2/2
   850 | D:2      | Reached XP level 3. HP: 26/29 MP: 3/3
  1024 | D:2      | Noticed Robin
  1041 | D:2      | Killed Robin
  1617 | D:2      | Reached XP level 4. HP: 35/35 MP: 4/4
  2011 | D:3      | Reached skill level 1 in Dodging
  2676 | D:3      | Reached XP level 5. HP: 29/41 MP: 5/5
  3342 | D:3      | Killed from afar by an orc wizard

Skill      XL: |  1  2  3  4  5 |
---------------+----------------+-----
Long Blades    | 2 3 |  3.0
Dodging        | 1 |  1.2
Shields        | 3 |  3.2
Fighting       | |  3.6
Armour         | |  2.7
Stealth        | |  0.3

Action                   |  1- 3 |  4- 6 || total
-------------------------+-------+-------++-------
Melee: Long sword        |   139 |   173 ||   312
Armor: Scale mail        |    58 |    89 ||   147
Dodge: Dodged            |    32 |    40 ||    72
Block: Shield            |    73 |    52 ||   125
       Large shield      |       |    76 ||    76
       Rpst.: Long sword |     6 |    15 ||    21
